AoeStats
← Lord_Wilfredo

Fortress

509051744Analyzed
4v4 RM · 7d ago on Sep 25, 2026· 55m 3s· 8 players
Game mode
Random Map
Map size
Huge
Population
200
Speed
Normal
Resources
Standard
Victory
Conquest
Starting age
Dark Age
Ending age
Imperial Age
RankedLock teamsTeams togetherTeam positionsShared explorationLock speedFull tech treeHidden civsTurbo modeCheats
Victory
Defeat
🇨🇳 Saxons · China
1485
+14
🇨🇳 Mapuche · China
1462
+15
🇻🇳 Turks · Vietnam
1386
+18
🇹🇼 Danes · Taiwan
1353
+19
🇸🇪 Maya · Sweden
1508
-19
🇭🇺 Dravidians · Hungary
1491
-19
🇦🇷 Spanish · Argentina
1384
-15
🇨🇳 Cumans · China
1345
-13
cgan13289
7:44 Feudal Age
11:58 Castle Age
10:24 Double-Bit Axe
10:46 Gold Mining
11:25 Scale Mail Armor
11:18 Arson
11:25 Town Watch
14:33 Loom
21:13 Bow Saw
21:57 Horse Collar
25:00 Chain Mail Armor
27:36 Wheelbarrow
31:15 Heavy Plow
37:03 Imperial Age
35:08 Forging
35:16 Hand Cart
35:51 Squires
35:55 Town Patrol
35:30 Hamask
37:11 Iron Casting
37:07 Elite Jomsviking
38:12 Conscription
39:18 Blast Furnace
38:49 Plate Mail Armor
39:35 Fletching
42:15 Caravan
42:27 Bodkin Arrow
45:12 Hoardings
45:22 Siege Engineers
46:18 Chemistry
45:39 Ballistics
44:59 Capped Ram
45:16 Northmen's Fury
46:04 Siege Ram
51:18 Masonry
51:48 Murder Holes
拉拉机
7:32 Feudal Age
8:35 Double-Bit Axe
9:18 Double-Bit Axe
10:12 Wheelbarrow
12:17 Castle Age
10:32 Horse Collar
10:58 Gold Mining
13:49 Bow Saw
13:41 Heavy Plow
16:01 Fletching
16:12 Padded Archer Armor
17:19 Bodkin Arrow
20:51 Leather Archer Armor
21:48 Hand Cart
21:26 Loom
22:43 Ballistics
23:12 Gold Shaft Mining
24:39 Malon
28:29 Imperial Age
29:04 Coinage
28:48 Town Watch
28:41 Elite Bolas Rider
29:30 Butalmapu
29:45 Conscription
33:24 Stone Mining
34:06 Ring Archer Armor
34:44 Chemistry
36:00 Caravan
40:27 Banking
43:52 Crop Rotation
43:58 Stone Shaft Mining
43:34 Scale Mail Armor
43:45 Forging
43:47 Pikeman
46:09 Chain Mail Armor
46:29 Iron Casting
48:55 Plate Mail Armor
49:25 Blast Furnace
48:08 Halberdier
50:31 Masonry
50:04 Treadmill Crane
50:30 Siege Engineers
50:56 Town Patrol
51:17 Elite Kona
Tiểu Long Nữ
7:20 Feudal Age
12:06 Castle Age
10:22 Double-Bit Axe
10:44 Horse Collar
13:52 Heavy Plow
16:52 Loom
22:36 Padded Archer Armor
25:35 Wheelbarrow
29:31 Imperial Age
29:25 Leather Archer Armor
31:37 Ring Archer Armor
31:30 Conscription
32:08 Hand Cart
33:02 Gold Mining
34:11 Elite Janissary
38:51 Scale Barding Armor
41:02 Chain Barding Armor
41:23 Bow Saw
41:51 Artillery
42:40 Caravan
44:37 Plate Barding Armor
44:14 Forging
44:22 Forging
48:47 Bloodlines
48:38 Husbandry
51:12 Iron Casting
53:40 Blast Furnace
pxh42
8:01 Feudal Age
9:13 Double-Bit Axe
9:11 Horse Collar
11:46 Castle Age
12:57 Bow Saw
12:48 Heavy Plow
15:31 Wheelbarrow
16:28 Loom
18:43 Gold Mining
20:22 Gold Shaft Mining
24:19 Imperial Age
21:40 Town Watch
22:14 Hand Cart
22:17 Scale Mail Armor
23:29 Chain Mail Armor
23:25 Forging
23:46 Squires
23:31 Arson
25:39 Plate Mail Armor
24:47 Capped Ram
26:12 Iron Casting
26:17 Fletching
26:08 Elite Varangian Guard
29:28 Chemistry
28:25 Bodkin Arrow
29:06 Ballistics
29:39 Bracer
29:31 Shield Wall
30:37 Conscription
30:39 Padded Archer Armor
30:36 Onager
31:52 Leather Archer Armor
34:57 Ring Archer Armor
34:29 Guard Tower
34:25 Arrowslits
35:01 Arrowslits
35:49 Stone Mining
36:51 Keep
39:19 Two-Man Saw
38:04 Treadmill Crane
38:34 Masonry
39:34 Caravan
39:45 Guilds
40:57 Hoardings
41:19 Architecture
40:54 Siege Engineers
41:26 Crossbowman
42:13 Thumb Ring
42:05 Arbalester
42:55 Pikeman
43:51 Siege Ram
45:30 Scale Barding Armor
46:44 Chain Barding Armor
47:11 Light Cavalry
47:51 Husbandry
48:53 Bloodlines
49:51 Hussar
50:26 Elite Hearth Troop
53:45 Murder Holes
54:23 Fortified Wall
RFR_im_no_pro
6:25 Feudal Age
11:02 Castle Age
9:21 Double-Bit Axe
9:40 Horse Collar
12:00 Bow Saw
11:43 Fletching
18:59 Bodkin Arrow
18:51 Loom
20:09 Wheelbarrow
19:36 Padded Archer Armor
19:52 Heavy Plow
27:26 Imperial Age
24:53 Stone Mining
25:33 Gold Mining
26:40 Ballistics
28:25 Leather Archer Armor
27:37 Elite Plumed Archer
28:21 Bracer
29:30 Chemistry
29:08 Town Watch
30:34 Hand Cart
30:13 Capped Ram
31:37 Masonry
33:35 Architecture
34:14 Stone Shaft Mining
35:22 Ring Archer Armor
34:47 Siege Ram
39:35 Conscription
41:56 Thumb Ring
43:57 Coinage
47:13 Caravan
PZ|NagyGeri1
7:22 Feudal Age
11:49 Castle Age
10:05 Horse Collar
10:17 Double-Bit Axe
13:08 Bow Saw
13:45 Loom
15:22 Town Watch
18:07 Wheelbarrow
20:37 Hand Cart
20:26 Gold Mining
25:36 Imperial Age
23:16 Heavy Plow
23:15 Fletching
23:25 Padded Archer Armor
24:10 Bodkin Arrow
25:01 Ballistics
25:43 Medical Corps
26:04 Leather Archer Armor
27:21 Chemistry
27:37 Husbandry
27:53 Thumb Ring
29:14 Bracer
30:14 Elite Elephant Archer
32:30 Caravan
33:10 Ring Archer Armor
39:36 Conscription
49:41 Siege Elephant
52:06 Coinage
54:30 Guilds
STDofBelisarius
6:39 Feudal Age
7:23 Double-Bit Axe
8:30 Horse Collar
10:39 Wheelbarrow
15:47 Castle Age
14:48 Loom
15:54 Forging
15:50 Scale Barding Armor
15:56 Bloodlines
18:50 Hand Cart
22:15 Bow Saw
21:53 Capped Ram
22:58 Town Watch
25:25 Chain Barding Armor
28:03 Imperial Age
26:14 Fletching
27:02 Bodkin Arrow
28:30 Heavy Plow
29:12 Conscription
29:37 Gold Mining
31:10 Plate Barding Armor
31:12 Cavalier
34:35 Iron Casting
36:25 Blast Furnace
35:42 Siege Ram
35:52 Paladin
38:18 Gold Shaft Mining
37:21 Light Cavalry
38:26 Siege Ram
40:03 Stone Mining
40:40 Steppe Husbandry
40:45 Cuman Mercenaries
41:27 Hussar
42:47 Padded Archer Armor
44:20 Caravan
47:48 Leather Archer Armor
49:00 Coinage
51:25 Hoardings
50:58 Elite Steppe Lancer
53:49 Crop Rotation
53:33 Scale Mail Armor
54:35 Chain Mail Armor
55:28 Guilds
Lord_Wilfredo
8:03 Feudal Age
11:36 Castle Age
9:40 Double-Bit Axe
10:42 Horse Collar
12:36 Bow Saw
12:51 Heavy Plow
21:38 Loom
25:10 Wheelbarrow
24:55 Padded Archer Armor
26:20 Town Watch
27:35 Gold Mining
31:39 Imperial Age
28:35 Elite Skirmisher
29:24 Fletching
31:04 Bloodlines
30:55 Husbandry
31:29 Hand Cart
31:57 Stone Mining
33:27 Chemistry
34:01 Two-Man Saw
34:12 Ballistics
33:17 Cavalier
35:16 Leather Archer Armor
34:57 Bodkin Arrow
35:45 Forging
35:41 Scale Barding Armor
35:58 Thumb Ring
37:29 Bombard Tower
37:27 Fortified Wall
38:04 Paladin
44:31 Chain Barding Armor
44:47 Iron Casting
44:12 Bracer
44:43 Ring Archer Armor
45:26 Stone Shaft Mining
47:23 Caravan
48:50 Plate Barding Armor
49:16 Blast Furnace
Connection lost

Rejoining the realm…

Still unreachable

The connection could not be restored.

Session expired

The server has moved on; the page needs a fresh start.